 Dungeon Crawl Stone Soup version 0.30-a0-586-g23e55c9e0a (webtiles) character file.

Game seed: 15645904173376220545

5246 Citaku the Protected (level 10, -5/91 HPs)
             Began as a Minotaur Fighter on Jan 3, 2023.
             Was a Believer of Wu Jian.
             Slain by a killer bee (7 damage)
             ... on level 9 of the Dungeon.
             The game lasted 00:22:54 (8779 turns).

Citaku the Protected (Minotaur Fighter)             Turns: 8779, Time: 00:22:54

Health: -5/91      AC: 18    Str: 23    XL:     10   Next: 36%
Magic:  0/9        EV: 12    Int:  5    God:    Wu Jian [**....]
Gold:   505        SH:  5    Dex: 16    Spells: 9/9 levels left

rFire   . . .      SeeInvis .    F - +0 war axe
rCold   x . .      Faith    .    c - +0 buckler
rNeg    . . .      Spirit   +    f - +0 plate armour
rPois   .          Reflect  .    (helmet restricted)
rElec   .          Harm     .    (no cloak)
rCorr   .          Rampage  .    s - +0 pair of gloves
Will    +....                    q - +0 pair of boots Stlth
                                 w - amulet of guardian spirit
HPRegen 0.35/turn                j - ring of willpower
MPRegen 0.11/turn                l - +5 ring of evasion

@: mighty
A: horns 2, retaliatory headbutt, agile 1, strong 1, cold vulnerability 1
a: Renounce Religion, Wall Jump


You were on level 9 of the Dungeon.
You worshipped Wu Jian.
Wu Jian was pleased with you.
You visited 2 branches of the dungeon, and saw 10 of its levels.
You also visited: Ossuary.

You collected 505 gold pieces.

Inventory:

Hand Weapons
 m - the +8 short sword "Paluri" {flame, rElec Will+ Dex+3}
   (You found it on level 2 of the Dungeon)

   It burns those it strikes, dealing additional fire damage.
   Dex:       It affects your dexterity (+3).
   rElec:     It insulates you from electricity.
   Will:      It increases your willpower.
 F - a +0 war axe (weapon)
Armour
 c - a +0 buckler (worn)
 f - a +0 plate armour (worn)
 q - a +0 pair of boots (worn)
 s - a +0 pair of gloves (worn)
Jewellery
 j - a ring of willpower (left hand)
 l - a +5 ring of evasion (right hand)
 n - a ring of fire
 w - an amulet of guardian spirit (around neck)
 D - a ring of positive energy
Wands
 t - a wand of iceblast (11)
 u - a wand of flame (2)
 v - a wand of digging (4)
Scrolls
 b - 5 scrolls of immolation
 g - 4 scrolls of identify
 i - 2 scrolls of poison {unknown}
 r - 2 scrolls of amnesia
 x - 2 scrolls of enchant weapon {unknown}
 y - a scroll of butterflies
 z - a scroll of magic mapping
 A - 2 scrolls of teleportation
 E - a scroll of fog {unknown}
Potions
 a - a potion of magic
 e - 10 potions of curing
 h - a potion of mutation
 k - 2 potions of haste
 o - 5 potions of flight
 p - 5 potions of lignification
 C - 3 potions of brilliance {unknown}


   Skills:
 + Level 9.0 Fighting
 * Level 11.9 Axes
 * Level 12.2 Armour
 - Level 3.6 Shields


You had 9 spell levels left.
You didn't know any spells.
Your spell library contained the following spells:

 Spells                   Type           Power      Damage    Failure   Level
 Blink                    Tloc           0%         N/A       100%        2
 Ensorcelled Hibernation  Hex/Ice        0%         N/A       100%        2
 Momentum Strike          Conj/Tloc      0%         3d8       100%        2
 Passwall                 Tmut/Erth      0%         N/A       100%        2
 Gell's Gravitas          Tloc           0%         N/A       100%        3
 Lesser Beckoning         Tloc           0%         N/A       100%        3
 Swiftness                Air            0%         N/A       100%        3
 Teleport Other           Tloc           0%         N/A       100%        3
 Olgreb's Toxic Radiance  Pois           0%         N/A       100%        4
 Ozocubu's Refrigeration  Ice            0%         4d7       100%        7
 Borgnjor's Revivificati  Necr           0%         N/A       100%        8
 Ignition                 Fire           0%         3d3       100%        8
 Necromutation            Tmut/Necr      0%         N/A       100%        8
 Death's Door             Necr           0%         N/A       100%        9


Dungeon Overview and Level Annotations

Branches:
Dungeon (9/15)             Temple (1/1) D:6         Ossuary (visited)
   Lair: D:8-11         Orc: D:9-12

Altars:
Ashenzari
Cheibriados
Dithmenos
Elyvilon
Fedhas
Gozag
Hepliaklqana
Kikubaaqudgha
Makhleb
Nemelex Xobeh
Qazlal
Ru
Sif Muna
Trog
Uskayaw
Vehumet
Wu Jian
Xom
Yredelemnul
The Shining One

Shops:
D:1 (


Innate Abilities, Weirdness & Mutations

You have a pair of horns on your head.
You reflexively headbutt those who attack you in melee.
You are agile. (Dex +4, Str/Int -1)
Your muscles are strong. (Str +4, Int/Dex -1)
You are vulnerable to cold. (rC-)


Message History

You slash the kobold!
You kill the kobold!
The Council accepts your kill.
You slash the kobold brigand! You closely miss the freezing wraith.
You feel yourself slow down. The boulder beetle misses you.
The boulder beetle stops rolling and uncurls.
The freezing wraith hits you.
* * * LOW HITPOINT WARNING * * *
The freezing wraith freezes you!!
You feel a terrible chill!
* * * LOW HITPOINT WARNING * * *
The freezing wraith hits you but does no damage.
You barely miss the kobold brigand.
Your headbutt misses the kobold brigand.
The kobold brigand is moderately wounded.
You slash the kobold!
You kill the kobold!
The Council accepts your kill.
You hit the boulder beetle.
You hit the freezing wraith but do no damage.
You closely miss the kobold.
Your surroundings suddenly seem different. 3 killer bees come into view.
Found 2 potions of heal wounds, a ring mail and a scroll of teleportation.
You feel sick.
The killer bee buzzes angrily. x3; You hear an angry buzzing noise. x2
A killer bee comes into view. x3
You block the killer bee's attack.
There are monsters nearby!
There are monsters nearby!
There are monsters nearby!
There are monsters nearby!
There are monsters nearby!
There are monsters nearby!
You miss the killer bee.
You feel sick.
The killer bee stings you but does no damage.
You miss the killer bee.
You feel sick.
You are no longer poisoned.
The killer bee barely misses you. The killer bee stings you!
You die...

# #......#
#......
#.y...#
#...y.##
#.yy...#
#..y...#
#.y.!..#
#.@....#
#.[..'......#
#....#....?.#
#... #......#
#.. #......#
#. #......# #
#......#
########


You could see 6 killer bees.

Vanquished Creatures
  A two-headed ogre (D:8)
  An ugly thing (D:9)
  Grinder (D:3)
  A wyvern (D:8)
  A water moccasin (D:7)
  3 orc warriors
  3 ice beasts
  3 centaurs
  2 ogres (D:6)
  2 phantoms
  3 bullfrogs
  2 kobold brigands
  A necrophage (D:4)
  A wyvern zombie (D:7)
  2 scorpions
  2 elf skeletons (D:5)
  5 wights (D:9)
  6 killer bees (D:9)
  8 howler monkeys
  2 bullfrog zombies (D:7)
  A lava snake (D:8)
  3 centaur zombies
  3 hounds
  2 human zombies (Ossuary)
  4 orc priests
  A jelly (D:5)
  Ijyb (D:5)
  A human skeleton (D:5)
  5 iguanas
  Natasha (twice) (D:3)
  6 orc wizards
  2 killer bee zombies (D:7)
  4 mummies (Ossuary)
  8 gnolls
  9 adders
  3 worms
  A dart slug (D:2)
  18 orcs
  5 ball pythons
  6 bats
  6 endoplasms
  4 giant cockroaches
  5 hobgoblins
  4 jackals (D:5)
  24 kobolds
  3 quokkas
  2 frilled lizards
  9 goblins
  3 goblin zombies (Ossuary)
  A hobgoblin zombie (Ossuary)
  A kobold zombie (Ossuary)
  An orc skeleton (D:5)
  2 orc zombies (D:5)
  7 rats
  A bush (D:1)
208 creatures vanquished.

Vanquished Creatures (others)
  6 plants (D:1)
6 creatures vanquished.

Grand Total: 214 creatures vanquished

Notes
Turn   | Place    | Note
-------+----------+-------------------------------------------
     0 | D:1      | Citaku the Minotaur Fighter began the quest for the Orb.
     0 | D:1      | Reached XP level 1. HP: 19/19 MP: 0/0
   175 | D:1      | Reached XP level 2. HP: 27/27 MP: 1/1
   246 | D:1      | Reached skill level 4 in Armour
   558 | D:1      | Found Wiuw's Antique Weapon Boutique.
   933 | D:1      | Reached XP level 3. HP: 33/33 MP: 2/2
  1769 | D:2      | Identified the +8 short sword "Paluri" {flame, rElec Will+
                  | Dex+3}
  2076 | D:2      | Reached XP level 4. HP: 40/40 MP: 3/3
  2092 | D:2      | Identified the +3 scale mail of the Hidden Vale {Drain
                  | Will- Regen+ rCorr}
  2341 | D:3      | Reached skill level 5 in Armour
  2756 | D:3      | You fall into a shaft and drop 1 floor!
  2876 | D:4      | Reached XP level 5. HP: 44/47 MP: 4/4
  2983 | D:4      | Reached skill level 5 in Axes
  3186 | D:4      | Reached XP level 6. HP: 53/55 MP: 5/5
  3245 | D:4      | Reached skill level 6 in Armour
  3634 | D:3      | Noticed Natasha
  3640 | D:3      | Killed Natasha
  3641 | D:3      | Reached skill level 5 in Fighting
  3654 | D:3      | Noticed Grinder
  3658 | D:3      | Killed Grinder
  3659 | D:3      | Reached XP level 7. HP: 61/61 MP: 6/6
  3787 | D:3      | Found an opulent altar of Gozag.
  3813 | D:3      | Noticed Natasha
  3820 | D:3      | Killed Natasha
  3900 | D:5      | Entered Level 5 of the Dungeon
  3901 | D:5      | Noticed Ijyb
  3915 | D:5      | Killed Ijyb
  3940 | D:5      | Found a sacrificial altar of Ru.
  4089 | D:5      | Reached skill level 7 in Armour
  4107 | D:5      | Found a sand-covered staircase.
  4114 | Ossuary  | Entered an ossuary
  4422 | D:5      | Reached skill level 8 in Armour
  4422 | D:5      | Reached XP level 8. HP: 70/70 MP: 5/7
  5071 | D:5      | Gained mutation: You are agile. (Dex +4, Str/Int -1)
                  | [potion of mutation]
  5071 | D:5      | Gained mutation: You are vulnerable to cold. (rC-) [potion
                  | of mutation]
  5071 | D:5      | Gained mutation: Your muscles are strong. (Str +4, Int/Dex
                  | -1) [potion of mutation]
  5172 | D:5      | Identified the +0 chain mail of Insatiable Hunger {rElec
                  | Int-5 Dex+6}
  5949 | D:6      | Found a staircase to the Ecumenical Temple.
  5957 | Temple   | Entered the Ecumenical Temple
  6215 | Temple   | Became a worshipper of the Wu Jian Council
  6259 | D:6      | Found a stormy altar of Qazlal.
  6306 | D:6      | Found a blossoming altar of Fedhas.
  6414 | D:6      | Reached skill level 9 in Armour
  6832 | D:7      | Reached XP level 9. HP: 79/79 MP: 8/8
  6916 | D:7      | Found a broken altar of Ashenzari.
  6988 | D:7      | Reached skill level 10 in Armour
  7005 | D:7      | Reached * piety under Wu Jian
  7014 | D:7      | Found a shadowy altar of Dithmenos.
  7026 | D:7      | Found a shimmering altar of Xom.
  7026 | D:7      | Found a shimmering altar of Xom.
  7027 | D:7      | Found a shimmering altar of Xom.
  7028 | D:7      | Found a shimmering altar of Xom.
  7028 | D:7      | Found a shimmering altar of Xom.
  7028 | D:7      | Found a shimmering altar of Xom.
  7029 | D:7      | Found a shimmering altar of Xom.
  7033 | D:7      | Found a shimmering altar of Xom.
  7033 | D:7      | Found a shimmering altar of Xom.
  7033 | D:7      | Found a shimmering altar of Xom.
  7200 | D:7      | Reached skill level 10 in Axes
  7211 | D:7      | Found a basalt altar of Yredelemnul.
  7320 | D:7      | Found a snail-covered altar of Cheibriados.
  7624 | D:8      | Noticed a two-headed ogre
  7635 | D:8      | Killed a two-headed ogre
  7636 | D:8      | Reached skill level 11 in Armour
  7910 | D:8      | Reached ** piety under Wu Jian
  8028 | D:8      | Found a hide-covered altar of Uskayaw.
  8261 | D:8      | Reached XP level 10. HP: 86/90 MP: 7/9
  8557 | D:9      | Found a hazy altar of Hepliaklqana.
  8648 | D:9      | Found a large runed translucent door.
  8648 | D:9      | Found a large runed translucent door.
  8717 | D:9      | Noticed a boulder beetle
  8733 | D:9      | Noticed a purple ugly thing
  8748 | D:9      | Killed a purple ugly thing
  8749 | D:9      | Reached skill level 12 in Armour
  8776 | D:9      | HP: 4/91 [freezing wraith (17)]
  8779 | D:9      | Slain by a killer bee

Illustrated notes

Levels and vault maps discovered:
D:1:      wander_arrival_estate, layout_basic, serial_forest,
          infiniplex_forest_straight_5, infiniplex_forest_clump_small,
          infiniplex_forest_lined_ring, infiniplex_forest_fountain,
          infiniplex_forest_lined_3_way, infiniplex_forest_clump_medium,
          serial_shops, nicolae_shop_hallway_plus, roderic_lattice_a,
          chequers_serial_rivers_room_b
D:2:      layout_basic, hex_intersection
D:3:      layout_basic, lemuel_coloured_pillars_altar, uniq_grinder,
          uniq_natasha
D:4:      layout_cave_pools, dreamdust_princess_bridge,
          minmay_goblin_kobold_house
D:5:      layout_layer_cave, mainiacjoe_overflow_catwalk,
          nicolae_ossuary_entry_catacombs, uniq_ijyb
D:6:      layout_loops_ring, nicolae_qazlal_general_emergency,
          fedhas_ov_isle_minmay, temple_green
D:7:      layout_rooms, general_overflow_altar,
          nicolae_yredelemnul_corpse_copse, xom_shifter_show,
          nicolae_overflow_crystal_walls, grunt_dithmenos_smoke,
          eino_small_chamber_without_monster
D:8:      layout_basic, nicolae_uskayaw_suspiria, hangedman_decor_push
D:9:      layout_gridville, old_standard_altar, mainiacjoe_overflow_chevrons,
          lair_entry_dummy, minmay_misc_feat_square,
          minmay_hollow_rounded_squares, uniq_erolcha, uniq_maggie
Temple:   grunt_temple_mini_profane

Skill      XL: |  1  2  3  4  5  6  7  8  9 10 |
---------------+-------------------------------+-----
Armour         | 4 5 6 8 9 11 12 | 12.2
Axes           | 3 4 5 6 7 9 11 | 11.9
Fighting       | 4 5 6 7 8 9 |  9.0
Shields        | |  3.6

Action                   |  1- 3 |  4- 6 |  7- 9 | 10-12 || total
-------------------------+-------+-------+-------+-------++-------
Melee: War axe           |    95 |       |    49 |    73 ||   217
       Headbutt          |    20 |     8 |    65 |    13 ||   106
       Short sword       |     1 |    63 |   232 |       ||   296
Invok: Lunge             |       |       |    23 |     3 ||    26
       Whirlwind         |       |       |     9 |    11 ||    20
  Use: Potion            |       |     1 |     7 |     4 ||    12
       Scroll            |       |       |     7 |     2 ||     9
Armor: Scale mail        |    44 |    15 |    83 |       ||   142
       Plate armour      |       |       |    23 |    37 ||    60
Dodge: Dodged            |    32 |    48 |   144 |    51 ||   275
Block: Buckler           |    24 |     8 |    72 |    23 ||   127

Table legend: (Time is in decaauts)
 A = Elapsed time spent in this place.
 B = Non-inter-level travel time spent in this place.
 C = Inter-level travel time spent in this place.
 D = Time resting spent in this place.
 E = Time spent auto-exploring this place.
 F = Levels seen in this place.
 G = Mean time per level.
                   A        B        C        D        E       F      G
               +--------+--------+--------+--------+--------+-----+--------+
         Total |   8799 |   8799 |      0 |    807 |   5299 |  11 |  799.9 |
       Dungeon |   8272 |   8272 |      0 |    807 |   5032 |   9 |  919.1 |
        Temple |    289 |    289 |      0 |      0 |    155 |   1 |  289.0 |
       Ossuary |    237 |    237 |      0 |      0 |    112 |   1 |  237.0 |
               +--------+--------+--------+--------+--------+-----+--------+

Top non-repeatable levels by time:
     D:5: 1729 daAuts
     D:1: 1293 daAuts
     D:3: 1026 daAuts
     D:2: 990 daAuts
     D:8: 932 daAuts
     D:7: 737 daAuts
     D:6: 659 daAuts
     D:4: 627 daAuts
  Temple: 289 daAuts
     D:9: 275 daAuts
 Ossuary: 237 daAuts
